 Dungeon Crawl Stone Soup version 0.30.0-29-ga12c61a403 (webtiles) character file.

Game seed: 14227380300281150906

32 vvlvvlvvlvvlvvl the Shield-Bearer (level 3, -2/23 HPs)
             Began as a Gargoyle Fighter on June 9, 2023.
             Frozen to death by an endoplasm (5 damage)
             ... on level 2 of the Dungeon.
             The game lasted 00:03:28 (1105 turns).

vvlvvlvvlvvlvvl the Shield-Bearer (GrFi)            Turns: 1105, Time: 00:03:33

Health: -2/23      AC: 12    Str: 19    XL:     3   Next: 25%
Magic:  3/3        EV:  9    Int: 10    God:
Gold:   62         SH:  4    Dex:  9    Spells: 2/2 levels left

rFire   . . .        a - +0 war axe
rCold   . . .        c - +0 buckler
rNeg    + . .        b - +0 scale mail
rPois   ∞            h - +1 helmet
rElec   +            (no cloak)
rCorr   .            (no gloves)
SInv    .            (no boots)
Will    .....        (no amulet) Stlth
                     (no ring)
HPRegen 0.23/turn    (no ring)
MPRegen 0.08/turn

%: no passive effects
@: mighty
A: sickness immunity, AC +3, negative energy resistance 1, electricity
resistance, torment resistance 1, petrification resistance
a: no special abilities


You were on level 2 of the Dungeon.
You visited 1 branch of the dungeon, and saw 3 of its levels.

You collected 62 gold pieces.

Inventory:

Hand Weapons
 a - a +0 war axe (weapon)
Armour
 b - a +0 scale mail (worn)
 c - a +0 buckler (worn)
 h - a +1 helmet (worn)
Jewellery
 i - an amulet of the acrobat
Scrolls
 f - a scroll of noise {unknown}
 j - a scroll of butterflies {unknown}
Potions
 e - a potion of attraction {unknown}
 g - a potion of curing {unknown}


   Skills:
 + Level 3.4 Fighting
 + Level 2.0 Axes
 + Level 3.4 Armour
 + Level 0.3 Dodging
 + Level 3.5 Shields
 + Level 0.4 Spellcasting
 + Level 0.6 Summonings
 + Level 0.7 Invocations
 + Level 0.5 Evocations


You had 2 spell levels left.
You didn't know any spells.
Your spell library was empty.

Dungeon Overview and Level Annotations

Branches:
Dungeon (3/15)

Altars:


Innate Abilities, Weirdness & Mutations

You are immune to sickness and miasma.
Your stone body is resilient. (AC +3)
You are immune to poison.
You resist negative energy. (rN+)
You are resistant to electric shocks. (rElec)
You are resistant to unholy torment.
You are immune to petrification.


Message History

You barely miss the adder.
The adder is severely wounded.
The adder barely misses you. The adder bites you but does no damage.
You closely miss the adder.
The adder is severely wounded.
You block the adder's attack. The adder bites you.
You feel very mighty all of a sudden. The adder barely misses you.
The endoplasm jiggles.
You barely miss the adder.
The adder is severely wounded.
The adder bites you but does no damage. x2
You closely miss the adder.
The adder is severely wounded.
The adder bites you but does no damage. The adder barely misses you.
You slash the adder!
You kill the adder!
Your Axes skill increases to level 2!
You have reached level 3!
Your experience leads to an increase in your attributes!
Increase (S)trength, (I)ntelligence, or (D)exterity?
You feel clever. x2
You barely miss the gnoll.
The gnoll hits you from afar with a +0 halberd.
The gnoll barely misses you.
The gnoll hits you from afar with a +0 halberd!
The gnoll barely misses you. The gnoll hits you but does no damage.
You see here an adder corpse.
You hit the gnoll.
The gnoll is heavily wounded.
You hit the gnoll. The gnoll hits you with a +0 halberd!
* * * LOW HITPOINT WARNING * * *
The gnoll closely misses you.
You slash the gnoll!
You kill the gnoll!
You barely miss the gnoll. You block the gnoll's attack.
The gnoll hits you but does no damage. The gnoll closely misses you.
The endoplasm freezes you.
You are frozen.
You die...

###### #....#
#....### #......
#######....#
#<.........###
##.#####g.....##
#.......#@###..#..
#.......#J# #...#
#.......#g# #.....
#.......#.##.....
######...........
#..........#.####
#............#
#..........###
#......#.>.### #


You could see 2 gnolls and an endoplasm.

Vanquished Creatures
  A gnoll (D:2)
  An adder (D:2)
  2 dart slugs (D:1)
  A giant cockroach (D:1)
  3 goblins (D:1)
  2 hobgoblins
  A quokka (D:3)
  A ball python (D:1)
  A bat (D:1)
  A frilled lizard (D:1)
  A kobold (D:1)
  7 rats (D:1)
22 creatures vanquished.

Notes
Turn   | Place    | Note
-------+----------+-------------------------------------------
     0 | D:1      | vvlvvlvvlvvlvvl the Gargoyle Fighter began the quest for
                  | the Orb.
     0 | D:1      | Reached XP level 1. HP: 14/14 MP: 1/1
   116 | D:1      | Reached XP level 2. HP: 19/19 MP: 2/2
  1102 | D:2      | Reached XP level 3. HP: 23/23 MP: 3/3
  1105 | D:2      | Frozen to death by an endoplasm

Illustrated notes

Levels and vault maps discovered:
D:1:      elethiomel_arrival_shortcut, layout_rooms, grunt_decor_clamped,
          grunt_decor_one_mirror, grunt_decor_arrowhead,
          kennysheep_pointless_box
D:2:      layout_rooms, grunt_decor_junction, minmay_joined_circles,
          uniq_crazy_yiuf_cottage, uniq_natasha
D:3:      kennysheep_six_static_rooms, layout_basic, vehumet_crystals,
          shapermc_ecumenical_altar_notcrosses, uniq_robin

Skill      XL: |  1  2 |
---------------+-------+-----
Axes           | 2 |  2.0
Fighting       | |  3.4
Armour         | |  3.4
Dodging        | |  0.3
Shields        | |  3.5
Spellcasting   | |  0.4
Summonings     | |  0.6
Invocations    | |  0.7
Evocations     | |  0.5

Action                     || total
---------------------------++-------
  Melee: War axe           ||    95
    Use: Potion            ||     1
 Armour: Scale mail        ||    70
  Dodge: Dodged            ||    68
  Block: Buckler           ||    18
